 Dungeon Crawl Stone Soup version 0.30-a0-715-gdb4ae3ece1 (webtiles) character file.

Game seed: 11659737160837546059

59 Newt the Trooper (level 3, -8/43 HPs)
             Began as a Demonspawn Gladiator on Jan 23, 2023.
             Killed by divine providence
             ... invoked by an orc priest
              (12 damage)
             ... on level 3 of the Dungeon.
             The game lasted 00:01:59 (1880 turns).

Newt the Trooper (Demonspawn Gladiator)             Turns: 1880, Time: 00:02:00

Health: -8/43      AC: 21    Str: 15 (16) XL:     3   Next: 78%
Magic:  3/3        EV:  2    Int:  8 (9)  God:
Gold:   112        SH:  0    Dex: 13 (14) Spells: 2/2 levels left

rFire   + . .      SeeInvis .    a - +0 rapier
rCold   + . .      Faith    .    (no shield)
rNeg    . . .      Spirit   .    (body armour currently unavailable)
rPois   +          Reflect  .    (helmet currently unavailable)
rElec   +          Harm     .    (cloak currently unavailable)
rCorr   +          Rampage  .    (gloves currently unavailable)
Will    .....      NoTele   +    (boots currently unavailable)
Stlth   ++                       k - amulet of magic regeneration
HPRegen 0.27/turn                (no ring)
MPRegen 0.48/turn                (no ring)

@: brilliant, tree-form, resistant, attractive
A: stationary, stasis, torment immunity, boosted hp, (claws 1)
a: no special abilities


You were on level 3 of the Dungeon.
You were a tree.
You visited 1 branch of the dungeon, and saw 3 of its levels.

You collected 112 gold pieces.

Inventory:

Hand Weapons
 a - a +0 rapier (weapon)
Missiles
 d - 2 throwing nets (quivered)
 f - a javelin
 h - 8 poisoned darts
 n - 2 boomerangs of dispersal
Armour
 b - a +0 leather armour (melded)
 c - a +0 helmet (melded)
Jewellery
 k - an amulet of magic regeneration (around neck)
 m - a ring of resist corrosion
 q - a ring of willpower
Scrolls
 e - a scroll of noise
Potions
 o - a potion of resistance
 p - a potion of attraction


   Skills:
 + Level 3.5 Fighting
 - Level 2.6 Short Blades
 - Level 1.7 Throwing
 - Level 2.6 Dodging
 - Level 2.0 Stealth


You had 2 spell levels left.
You didn't know any spells.
Your spell library contained the following spells:

 Spells                   Type           Power      Damage    Failure   Level
 Magic Dart               Conj           0%         1d3       41%         1
 Call Imp                 Summ           0%         N/A       54%         2
 Mephitic Cloud           Conj/Pois/Air  0%         N/A       78%         3


Dungeon Overview and Level Annotations

Branches:
Dungeon (3/15)

Altars:


Innate Abilities, Weirdness & Mutations

You are a tree.
Your roots penetrate the ground, keeping you stationary.
You cannot be teleported.
You are immune to unholy pain and torment.
Your maximum health is greatly increased.
Your equipment is partially melded.
((You have sharp fingernails.))


Message History

You feel weakened.
You feel dopey.
You feel clumsy. The orc hits you with a +0 club.
The kobold closely misses you.
The orc priest calls down the wrath of Beogh upon you.
You barely resist.
It was a potion of brilliance.
You feel clever all of a sudden.
The orc priest begins to cast a cantrip, but forgets the words!
The kobold hits you but does no damage. The orc closely misses you.
It was a potion of lignification.
You turn into a tree.
Your +0 helmet melds into your body.
Your +0 leather armour melds into your body.
Your roots penetrate the ground.
The orc hits you but does no damage. The kobold hits you but does no damage.
The orc priest hits you but does no damage.
You closely miss the orc priest. The orc hits you but does no damage.
The kobold hits you but does no damage.
The orc priest hits you but does no damage.
You hit the orc priest but do no damage.
The orc priest hits you but does no damage.
The kobold hits you with a +0 short sword of flaming.
The orc hits you but does no damage.
You hit the orc priest.
The orc priest is moderately wounded.
The orc hits you but does no damage. The kobold hits you but does no damage.
The orc priest mumbles some strange prayers to Beogh against you.
Beogh smites you!
* * * LOW HITPOINT WARNING * * *
You closely miss the orc priest.
The orc priest is moderately wounded.
The orc priest hits you but does no damage.
The kobold hits you but does no damage.
You hit the orc priest.
The orc priest is severely wounded.
The orc priest hits you but does no damage.
The kobold hits you but does no damage.
You barely miss the orc priest.
The orc priest is severely wounded.
The orc priest mumbles some strange prayers to Beogh against you.
Beogh smites you!
You die...

#...# #....
##...###.............
#.......... ........#
#........###........#
#..........##.......#
#..........##.......#
#..........##w......#
#####..........##Kw....##^
<...............♣oo)......
#####..........##{w.......
#..........###w....#..
########............#
###.###......# #.#
#......# #.# #.....## #..
....... ########


You could see 4 worms, an orc priest, an orc and a kobold.

Vanquished Creatures
  An adder (D:2)
  A worm (D:3)
  2 dart slugs (D:1)
  2 orcs (D:3)
  A ball python (D:2)
  2 bats
  3 endoplasms
  A goblin (D:1)
  A hobgoblin (D:1)
  6 jackals (D:1)
  5 quokkas (D:1)
  9 frilled lizards
  2 kobolds
  3 rats (D:1)
39 creatures vanquished.

Vanquished Creatures (others)
  6 plants (D:2)
6 creatures vanquished.

Grand Total: 45 creatures vanquished

Notes
Turn   | Place    | Note
-------+----------+-------------------------------------------
     0 | D:1      | Newt the Demonspawn Gladiator began the quest for the Orb.
     0 | D:1      | Reached XP level 1. HP: 16/16 MP: 1/1
    56 | D:1      | Reached skill level 1 in Stealth
   132 | D:1      | Gained mutation: You have sharp fingernails. [demonic
                  | ancestry]
   132 | D:1      | Reached XP level 2. HP: 22/22 MP: 2/2
   564 | D:1      | Reached XP level 3. HP: 21/28 MP: 3/3
   918 | D:2      | Reached skill level 3 in Fighting
  1868 | D:3      | HP: 1/29 [kobold/+0 short sword of flaming (2)]
  1880 | D:3      | Killed from afar by an orc priest

Illustrated notes

Levels and vault maps discovered:
D:1:      grunt_arrival_lava_bath, layout_basic
D:2:      layout_rooms, minmay_lizard_king
D:3:      layout_basic, nicolae_wormholes

Skill      XL: |  1  2  3 |
---------------+----------+-----
Stealth        | 1 2 |  2.0
Fighting       | 3 |  3.5
Short Blades   | |  2.6
Throwing       | |  1.7
Dodging        | |  2.6

Action                     || total
---------------------------++-------
  Melee: Rapier            ||   141
         Punch             ||     3
  Throw: Dart              ||     3
         Throwing net      ||     3
         Javelin           ||     1
    Use: Potion            ||     7
         Scroll            ||     2
   Stab: Sleeping          ||     4
         Held in net/web   ||     1
 Armour: Leather armour    ||    45
         Skin              ||    14
  Dodge: Dodged            ||    91

Table legend: (Time is in decaauts)
 A = Elapsed time spent in this place.
 B = Non-inter-level travel time spent in this place.
 C = Inter-level travel time spent in this place.
 D = Time resting spent in this place.
 E = Time spent auto-exploring this place.
 F = Levels seen in this place.
 G = Mean time per level.
                   A        B        C        D        E       F      G
               +--------+--------+--------+--------+--------+-----+--------+
         Total |   1889 |   1825 |     64 |    328 |   1171 |   3 |  629.7 |
       Dungeon |   1889 |   1825 |     64 |    328 |   1171 |   3 |  629.7 |
               +--------+--------+--------+--------+--------+-----+--------+

Top non-repeatable levels by time:
     D:2: 895 daAuts
     D:1: 859 daAuts
     D:3: 134 daAuts
